AoeStats
← nicorossel70

Arabia

506068708Analyzed
1v1 RM · 20d ago on Sep 12, 2026· 50m 5s· 2 players
Game mode
Random Map
Map size
Tiny (2 player)
Population
200
Speed
Normal
Resources
Standard
Victory
Conquest
Starting age
Dark Age
Ending age
Imperial Age
RankedLock teamsTeams togetherTeam positionsShared explorationLock speedFull tech treeHidden civsTurbo modeCheats
Victory
Defeat
🇨🇱 Spanish · Chile
1204
+18
🇿🇦 Khitans · South Africa
1239
-18
nicorossel70
9:59 Feudal Age
9:34 Loom
13:47 Castle Age
12:45 Double-Bit Axe
15:32 Horse Collar
22:25 Bow Saw
28:41 Wheelbarrow
30:39 Heavy Plow
33:48 Hand Cart
34:12 Bloodlines
40:27 Imperial Age
37:47 Town Watch
40:01 Town Patrol
44:53 Padded Archer Armor
44:14 Cavalier
44:58 Husbandry
44:38 Onager
46:20 Chemistry
45:34 Forging
45:46 Scale Barding Armor
46:12 Conscription
46:11 Gold Mining
46:20 Elite Conquistador
47:25 Paladin
50:02 Iron Casting
49:47 Chain Barding Armor
Aizohiith
6:20 Loom
9:35 Feudal Age
10:05 Double-Bit Axe
10:16 Domestication
17:53 Wheelbarrow
19:23 Town Watch
22:08 Castle Age
22:59 Husbandry
22:57 Fletching
24:23 Elite Skirmisher
25:33 Gold Mining
26:43 Bodkin Arrow
26:49 Padded Archer Armor
33:17 Bow Saw
Connection lost

Rejoining the realm…

Still unreachable

The connection could not be restored.

Session expired

The server has moved on; the page needs a fresh start.